WCHLSIM.com - West Coast Hockey League
html PUBLIC "-//W3C//DTD XHTML 1.0 Transitional//EN" "http://www.w3.org/TR/xhtml1/DTD/xhtml1-transitional.dtd"> WCHL - Game 73 - NORTH DAKOTA HAWKS vs KELOWNA ROCKETS

NORTH DAKOTA HAWKS vs KELOWNA ROCKETS

Created - 22 octobre 2023 at 21:47

Goals
1 2 3 T
NORTH DAKOTA HAWKS 1 2 1 4
KELOWNA ROCKETS 1 0 2 3
Shots
1 2 3 T
NORTH DAKOTA HAWKS 8 15 7 30
KELOWNA ROCKETS 15 3 13 31

1st period

1. KELOWNA ROCKETS , Valeri Nichushkin 2 (J.T. Compher 5) at 1:57 (SH)
2. NORTH DAKOTA HAWKS , Reyley Smith 3 (Nick Suzuki 4, Jake DeBrusk 3) at 2:44

Penalties :
Anthony DeAngelo (KEL) for Hooking (Minor) at 0:43, Dillon Dube (NDH) for Roughing (Minor) at 4:45, Connor Dewar (NDH) for Roughing (Minor) at 16:07

2nd period

3. NORTH DAKOTA HAWKS , Jake DeBrusk 2 (Reyley Smith 2, Nick Suzuki 5) at 7:44 (PP)
4. NORTH DAKOTA HAWKS , Reyley Smith 4 (Nick Suzuki 6, Jake DeBrusk 4) at 10:02

Penalties :
Pavel Buchnevich (KEL) for Slashing (Minor) at 5:45, Garnet Hathaway (NDH) for Tripping (Minor) at 13:15

3rd period

5. NORTH DAKOTA HAWKS , Cale Makar 1 (Emil Bemstrom 3, Frederick Gaudreau 2) at 0:30
6. KELOWNA ROCKETS , Calle Jarnkrok 1 (Parker Kelly 1, Adam Fox 6) at 7:42
7. KELOWNA ROCKETS , Valeri Nichushkin 3 (J.T. Compher 6) at 18:51 (SH)

Penalties :
Erik Brannstrom (KEL) for Roughing (Minor) at 4:57, Adam Fox (KEL) for Slashing (Minor) at 18:41

Goalie Stats

Linus Ullmark (NDH), 28 saves from 31 shots - (0,903), W, 4-1-0, 60:00 minutes
Alex Stalock (KEL), 26 saves from 30 shots - (0,867), L, 1-3-0, 60:00 minutes

Players Stats for NORTH DAKOTA HAWKS

Player Name              G  A  P  +/- PIM S  H  SB GA TA FO     MP     PP MP  PK MP  
------------------------------------------------------------------------------------
Alex Belzile             0  0  0   0  0   1  0  0  0  0  0/1     6:16   0:00   0:00 
Cale Makar               1  0  1   1  0   4  0  1  0  0  0/0    23:26   4:22   0:03 
Connor Clifton           0  0  0   0  0   1  0  3  0  0  0/0    14:46   0:00   2:05 
Connor Dewar             0  0  0   0  2   0  0  0  0  0  4/9     7:14   0:00   0:59 
Dillon Dube              0  0  0   0  2   0  2  0  0  0  0/1    17:44   4:22   1:00 
Emil Bemstrom            0  1  1   1  0   0  0  0  0  0  0/2    11:48   0:00   0:00 
Erik Johnson             0  0  0   0  0   2  2  0  0  0  0/0    16:30   0:00   3:49 
Frederick Gaudreau       0  1  1   0  0   2  0  0  0  0  11/22  18:13   2:53   3:32 
Garnet Hathaway          0  0  0   0  2   1  1  0  0  0  0/2     8:18   0:00   2:03 
Jack Hughes              0  0  0   0  0   2  1  0  0  0  4/28   19:02   4:22   0:00 
Jake DeBrusk             1  2  3  -1  0   6  1  0  0  0  0/1    18:52   2:53   1:55 
Jason Robertson          0  0  0   0  0   1  4  0  0  0  0/0    19:02   4:22   0:00 
Jordan Kyrou             0  0  0   0  0   1  1  0  0  0  1/2    19:32   4:22   0:30 
Mathew Dumba             0  0  0   2  0   1  3  1  0  0  0/0    22:18   0:00   3:52 
Nick Blankenburg         0  0  0  -1  0   0  0  2  0  0  0/0    17:59   2:53   0:00 
Nick Suzuki              0  3  3  -1  0   3  0  2  0  0  13/27  18:52   2:53   1:55 
Reyley Smith             2  1  3  -1  0   4  0  0  0  0  1/1    16:57   2:53   0:00 
Ryan Lindgren            0  0  0   0  0   1  0  3  0  0  0/0    17:11   0:00   2:05 

Players Stats for KELOWNA ROCKETS

Player Name              G  A  P  +/- PIM S  H  SB GA TA FO     MP     PP MP  PK MP  
------------------------------------------------------------------------------------
Adam Fox                 0  1  1   0  2   3  0  1  0  0  0/0    21:51   3:26   1:55 
Anthony DeAngelo         0  0  0  -2  2   2  1  5  0  0  0/0    22:13   2:31   2:52 
Auston Matthews          0  0  0  -1  0   6  0  0  0  0  22/34  19:43   2:10   2:25 
Calle Jarnkrok           1  0  1  -1  0   2  1  0  0  0  2/2    15:17   3:47   0:28 
Derek Ryan               0  0  0  -1  0   0  0  0  0  0  8/14   11:02   0:00   0:00 
Dmitri Orlov             0  0  0  -1  0   3  1  1  0  0  0/0    24:47   3:26   4:30 
Erik Brannstrom          0  0  0   0  2   0  0  1  0  0  0/0    15:39   2:31   0:09 
J.T. Compher             0  2  2   2  0   4  1  0  0  0  25/37  23:25   3:47   4:09 
Kyle Burroughs           0  0  0   2  0   0  6  2  0  0  0/0    16:05   0:00   2:39 
Lukas Sedlak             0  0  0   0  0   0  1  0  0  0  0/0     5:09   0:00   0:00 
Mark Giordano            0  0  0   1  0   0  0  1  0  0  0/0    19:22   0:00   2:25 
Noah Gregor              0  0  0   0  0   0  0  0  0  0  2/3     5:09   0:00   0:00 
Parker Kelly             0  1  1  -1  0   1  0  0  0  0  1/1    11:16   0:00   0:14 
Pavel Buchnevich         0  0  0  -1  2   1  1  0  0  0  1/1    18:03   2:10   0:46 
Pavel Dorofeyev          0  0  0   0  0   0  0  0  0  0  0/0     5:09   0:00   0:00 
Tyler Bertuzzi           0  0  0   0  0   2  3  0  0  0  0/1    19:16   3:47   0:00 
Valeri Nichushkin        2  0  2   1  0   6  1  0  0  0  1/1    20:53   0:00   5:45 
Vladimir Tarasenko       0  0  0   0  0   1  0  0  0  0  0/2    18:22   2:10   0:43 

3 Stars

1 - Reyley Smith (NDH)
2 - Valeri Nichushkin (KEL)
3 - Jake DeBrusk (NDH)

Power Play

NORTH DAKOTA HAWKS - 1 on 4 Attempt(s) - 25,00%
KELOWNA ROCKETS - 0 on 3 Attempt(s) - 0,00%

Penalty Kill

NORTH DAKOTA HAWKS - 3 on 3 Attempt(s) - 100,00% - Score 0 goal in Penalty Kill
KELOWNA ROCKETS - 3 on 4 Attempt(s) - 75,00% - Score 2 goal in Penalty Kill

Team Stat

NORTH DAKOTA HAWKS - Hits : 15 - Faceoff Wins : 34 - Blocked Shots : 12 - Penalty Minutes : 6
KELOWNA ROCKETS - Hits : 16 - Faceoff Wins : 62 - Blocked Shots : 11 - Penalty Minutes : 8

Official

Referees : Terry Koharski and Jean Hebert
Linesman : Travis Toomey and Kiel Murchison

Game Notes

No Game Note

Finance

Level 1 -- Attendance: 6600 (100,00%) -- Ticket Income 818 400 $
Level 2 -- Attendance: 5600 (100,00%) -- Ticket Income 526 400 $
Level 3 -- Attendance: 3047 (95,22%) -- Ticket Income 195 008 $
Level 4 -- Attendance: 5471 (97,70%) -- Ticket Income 295 434 $
Luxury Box -- Attendance: 1000 (100,00%) -- Ticket Income 259 000 $
Game was played at the Cherepanov Coliseum.
Total Attendance: 21718 (98,72%)
Total Ticket Income: 2 094 242 $
Other Expense: 20 942 $
Total Income: 2 073 300 $

NORTH DAKOTA HAWKS

5 vs 5 Forward 
   Center                   Left Wing                Right Wing               Time % Phy DF OF 
 1 Jack Hughes              Jason Robertson          Jordan Kyrou             31     0   1  4  
 2 Nick Suzuki              Jake DeBrusk             Reyley Smith             29     0   1  4  
 3 Frederick Gaudreau       Dillon Dube              Emil Bemstrom            25     0   3  2  
 4 Connor Dewar             Garnet Hathaway          Alex Belzile             15     0   4  1  

5 vs 5 Defense 
   Defense                  Defense                                           Time % Phy DF OF 
 1 Mathew Dumba             Cale Makar                                        38     0   1  4  
 2 Ryan Lindgren            Nick Blankenburg                                  32     0   4  1  
 3 Connor Clifton           Erik Johnson                                      15     0   4  1  
 4 Connor Clifton           Erik Johnson                                      15     0   4  1  

PowerPlay Forward 
   Center                   Left Wing                Right Wing               Time % Phy DF OF 
 1 Jack Hughes              Jason Robertson          Jordan Kyrou             60     0   0  5  
 2 Nick Suzuki              Jake DeBrusk             Reyley Smith             40     0   0  5  

PowerPlay Defense
   Defense                  Defense                                           Time % Phy DF OF 
 1 Cale Makar               Dillon Dube                                       60     0   0  5  
 2 Nick Blankenburg         Frederick Gaudreau                                40     0   0  5  

Penalty Kill 4 Players Forward 
   Center                   Wing                     Time % Phy DF OF 
 1 Frederick Gaudreau       Garnet Hathaway          60     0   5  0  
 2 Nick Suzuki              Jake DeBrusk             40     0   5  0  

Penalty Kill 4 Players Defense
   Defense                  Defense                  Time % Phy DF OF 
 1 Mathew Dumba             Erik Johnson             60     0   5  0  
 2 Ryan Lindgren            Connor Clifton           40     0   5  0  

Penalty Kill - 3 Players Forward 
   Forward                                           Time % Phy DF OF 
 1 Frederick Gaudreau                                60     0   5  0  
 2 Nick Suzuki                                       40     0   5  0  

Penalty Kill - 3 Players Defense
   Defense                  Defense                  Time % Phy DF OF 
 1 Mathew Dumba             Erik Johnson             60     0   5  0  
 2 Ryan Lindgren            Connor Clifton           40     0   5  0  

4 vs 4 Forward 
   Center                   Wing                     Time % Phy DF OF 
 1 Jack Hughes              Jason Robertson          55     0   1  4  
 2 Nick Suzuki              Jake DeBrusk             45     0   1  4  

4 vs 4 Defense
   Defense                  Defense                  Time % Phy DF OF 
 1 Mathew Dumba             Cale Makar               55     0   1  4  
 2 Ryan Lindgren            Nick Blankenburg         45     0   4  1  

Last Minutes Offensive
   Center                   Left Wing                Right Wing               Defense                  Defense                  
   Nick Suzuki              Jason Robertson          Jordan Kyrou             Jack Hughes              Cale Makar               

Last Minutes Defensive
   Center                   Left Wing                Right Wing               Defense                  Defense                  
   Nick Suzuki              Jake DeBrusk             Reyley Smith             Ryan Lindgren            Erik Johnson             

Goaltenders
Starting : Linus Ullmark            
Backup : Scott Wedgewood          

Extra Forwards
Normal : Emil Bemstrom, Alex Belzile, Connor Dewar - PP : Emil Bemstrom, Alex Belzile - PK : Connor Dewar
Extra Defensemen
Normal : Connor Clifton, Nick Blankenburg, Erik Johnson - PP : Ryan Lindgren - PK : Cale Makar, Nick Blankenburg
Penalty Shots
Jordan Kyrou, Jason Robertson, Jack Hughes, Nick Suzuki, Jake DeBrusk
Custom OT Lines Forwards
Jack Hughes, Jason Robertson, Jordan Kyrou, Nick Suzuki, Jake DeBrusk, Reyley Smith, Frederick Gaudreau, Dillon Dube, Emil Bemstrom, Alex Belzile
Custom OT Lines Defensemen
Cale Makar, Ryan Lindgren, Erik Johnson, Mathew Dumba, Connor Clifton

Scratches
Ben Hutton (Healthy), Nathan Walker (Healthy)

KELOWNA ROCKETS

5 vs 5 Forward 
   Center                   Left Wing                Right Wing               Time % Phy DF OF 
 1 Auston Matthews          Pavel Buchnevich         Valeri Nichushkin        36     0   2  3  
 2 J.T. Compher             Tyler Bertuzzi           Vladimir Tarasenko       36     0   2  3  
 3 Derek Ryan               Parker Kelly             Calle Jarnkrok           28     0   4  1  
 4 Noah Gregor              Lukas Sedlak             Pavel Dorofeyev          0      0   3  2  

5 vs 5 Defense 
   Defense                  Defense                                           Time % Phy DF OF 
 1 Adam Fox                 Mark Giordano                                     37     0   4  1  
 2 Dmitri Orlov             Anthony DeAngelo                                  35     0   4  1  
 3 Erik Brannstrom          Kyle Burroughs                                    28     0   4  1  
 4 Dmitri Orlov             Adam Fox                                          0      0   3  2  

PowerPlay Forward 
   Center                   Left Wing                Right Wing               Time % Phy DF OF 
 1 Auston Matthews          Pavel Buchnevich         Vladimir Tarasenko       60     0   0  5  
 2 J.T. Compher             Tyler Bertuzzi           Calle Jarnkrok           40     0   0  5  

PowerPlay Defense
   Defense                  Defense                                           Time % Phy DF OF 
 1 Adam Fox                 Dmitri Orlov                                      65     0   1  4  
 2 Anthony DeAngelo         Erik Brannstrom                                   35     0   1  4  

Penalty Kill 4 Players Forward 
   Center                   Wing                     Time % Phy DF OF 
 1 J.T. Compher             Valeri Nichushkin        65     0   5  0  
 2 Auston Matthews          Pavel Buchnevich         35     0   5  0  

Penalty Kill 4 Players Defense
   Defense                  Defense                  Time % Phy DF OF 
 1 Adam Fox                 Mark Giordano            55     0   5  0  
 2 Dmitri Orlov             Anthony DeAngelo         45     0   5  0  

Penalty Kill - 3 Players Forward 
   Forward                                           Time % Phy DF OF 
 1 J.T. Compher                                      60     0   5  0  
 2 Valeri Nichushkin                                 40     0   5  0  

Penalty Kill - 3 Players Defense
   Defense                  Defense                  Time % Phy DF OF 
 1 Adam Fox                 Mark Giordano            55     0   5  0  
 2 Dmitri Orlov             Anthony DeAngelo         45     0   5  0  

4 vs 4 Forward 
   Center                   Wing                     Time % Phy DF OF 
 1 Auston Matthews          Pavel Buchnevich         55     0   1  4  
 2 J.T. Compher             Valeri Nichushkin        45     0   1  4  

4 vs 4 Defense
   Defense                  Defense                  Time % Phy DF OF 
 1 Adam Fox                 Mark Giordano            55     0   2  3  
 2 Dmitri Orlov             Anthony DeAngelo         45     0   2  3  

Last Minutes Offensive
   Center                   Left Wing                Right Wing               Defense                  Defense                  
   Auston Matthews          Pavel Buchnevich         Valeri Nichushkin        Adam Fox                 Dmitri Orlov             

Last Minutes Defensive
   Center                   Left Wing                Right Wing               Defense                  Defense                  
   Auston Matthews          J.T. Compher             Valeri Nichushkin        Adam Fox                 Dmitri Orlov             

Goaltenders
Starting : Alex Stalock             
Backup : Pavel Francouz           

Extra Forwards
Normal : Vladimir Tarasenko, Pavel Buchnevich, Valeri Nichushkin - PP : Noah Gregor, Pavel Dorofeyev - PK : Vladimir Tarasenko
Extra Defensemen
Normal : Anthony DeAngelo, Dmitri Orlov, Kyle Burroughs - PP : Mark Giordano - PK : Kyle Burroughs, Erik Brannstrom
Penalty Shots
Auston Matthews, Vladimir Tarasenko, Pavel Buchnevich, Valeri Nichushkin, Tyler Bertuzzi
Custom OT Lines Forwards
Auston Matthews, Pavel Buchnevich, J.T. Compher, Valeri Nichushkin, Tyler Bertuzzi, Vladimir Tarasenko, Derek Ryan, Calle Jarnkrok, Noah Gregor, Pavel Dorofeyev
Custom OT Lines Defensemen
Adam Fox, Mark Giordano, Dmitri Orlov, Anthony DeAngelo, Kyle Burroughs

Scratches
Craig Anderson (Lacerated Right Calf Injury)

% Time on Ice - NORTH DAKOTA HAWKS

Lines # - Real PCT - Wanted PCT - Time Play
Normal Forward
1 - 31% - 31% - 14:40
2 - 30% - 29% - 14:04
3 - 25% - 25% - 11:48
4 - 13% - 15% - 6:16
Normal Defense
1 - 41% - 38% - 19:01
2 - 32% - 32% - 15:06
3 - 13% - 15% - 6:12
4 - 14% - 15% - 6:29
PP Forward
1 - 60% - 60% - 4:22
2 - 40% - 40% - 2:53
PP Defense
1 - 60% - 60% - 4:22
2 - 40% - 40% - 2:53
PK Forward
1 - 68% - 60% - 4:02
2 - 32% - 40% - 1:55
PK Defense
1 - 65% - 60% - 3:52
2 - 35% - 40% - 2:05
PK3 Forward
1 - 0% - 60%
2 - 0% - 40%
PK3 Defense
1 - 0% - 60%
2 - 0% - 40%
44 Forward
1 - 0% - 55%
2 - 0% - 45%
44 Defense
1 - 0% - 55%
2 - 0% - 45%
Last Minute Offensive  - 0:00
Last Minute Defensive  - 0:00
Total
Forward - 60:00
Defense - 60:00

% Time on Ice - KELOWNA ROCKETS

Lines # - Real PCT - Wanted PCT - Time Play
Normal Forward
1 - 32% - 36% - 15:08
2 - 33% - 36% - 15:29
3 - 24% - 28% - 11:02
4 - 11% - 0% - 5:09
Normal Defense
1 - 36% - 37% - 16:57
2 - 36% - 35% - 16:51
3 - 28% - 28% - 13:00
4 - 0% - 0% - 0:00
PP Forward
1 - 36% - 60% - 2:10
2 - 64% - 40% - 3:47
PP Defense
1 - 58% - 65% - 3:26
2 - 42% - 35% - 2:31
PK Forward
1 - 88% - 65% - 6:23
2 - 12% - 35% - 0:52
PK Defense
1 - 35% - 55% - 2:31
2 - 65% - 45% - 4:44
PK3 Forward
1 - 0% - 60%
2 - 0% - 40%
PK3 Defense
1 - 0% - 55%
2 - 0% - 45%
44 Forward
1 - 0% - 55%
2 - 0% - 45%
44 Defense
1 - 0% - 55%
2 - 0% - 45%
Last Minute Offensive  - 0:00
Last Minute Defensive  - 0:00
Total
Forward - 60:00
Defense - 60:00

Play-by-Play

1st period


0:01 of 1st period - Auston Matthews wins face-off versus Jack Hughes in neutral zone.
0:20 of 1st period - Shot by Auston Matthews.
0:20 of 1st period - Stopped by Linus Ullmark without a rebound.
0:21 of 1st period - J.T. Compher wins face-off versus Nick Suzuki in NORTH DAKOTA HAWKS zone.
0:38 of 1st period - Shot by Jake DeBrusk.
0:38 of 1st period - Shot Misses the Net.
0:43 of 1st period - Minor Penalty to Anthony DeAngelo for Hooking.
0:44 of 1st period - J.T. Compher wins face-off versus Jack Hughes in KELOWNA ROCKETS zone.
1:08 of 1st period - Jordan Kyrou is hit by Kyle Burroughs and loses puck.
1:51 of 1st period - Icing by Frederick Gaudreau.
1:52 of 1st period - J.T. Compher wins face-off versus Nick Suzuki in NORTH DAKOTA HAWKS zone.
1:55 of 1st period - Shot by J.T. Compher.
1:55 of 1st period - Shot Misses the Net.
1:57 of 1st period - Shot by Valeri Nichushkin.
1:57 of 1st period - Goal by Valeri Nichushkin - NORTH DAKOTA HAWKS : 0 - KELOWNA ROCKETS : 1.
1:58 of 1st period - Auston Matthews wins face-off versus Nick Suzuki in neutral zone.
2:44 of 1st period - Shot by Reyley Smith.
2:44 of 1st period - Goal by Reyley Smith - NORTH DAKOTA HAWKS : 1 - KELOWNA ROCKETS : 1.
2:45 of 1st period - Calle Jarnkrok wins face-off versus Jack Hughes in neutral zone.
3:46 of 1st period - Off-side.
3:47 of 1st period - Frederick Gaudreau wins face-off versus J.T. Compher in neutral zone.
4:23 of 1st period - Icing by Frederick Gaudreau.
4:24 of 1st period - Frederick Gaudreau wins face-off versus Auston Matthews in NORTH DAKOTA HAWKS zone.
4:28 of 1st period - Icing by Dillon Dube.
4:29 of 1st period - Frederick Gaudreau wins face-off versus Auston Matthews in NORTH DAKOTA HAWKS zone.
4:36 of 1st period - Shot by Emil Bemstrom.
4:36 of 1st period - Shot Misses the Net.
4:41 of 1st period - Dillon Dube is hit by Kyle Burroughs and loses puck.
4:45 of 1st period - Minor Penalty to Dillon Dube for Roughing.
4:46 of 1st period - J.T. Compher wins face-off versus Frederick Gaudreau in NORTH DAKOTA HAWKS zone.
4:56 of 1st period - Icing by Adam Fox.
4:57 of 1st period - Frederick Gaudreau wins face-off versus J.T. Compher in KELOWNA ROCKETS zone.
4:58 of 1st period - Shot by Garnet Hathaway.
4:58 of 1st period - Shot Misses the Net.
5:12 of 1st period - Shot by Adam Fox.
5:12 of 1st period - Shot Misses the Net.
5:14 of 1st period - Shot by Adam Fox.
5:14 of 1st period - Stopped by Linus Ullmark without a rebound.
5:15 of 1st period - Auston Matthews wins face-off versus Nick Suzuki in NORTH DAKOTA HAWKS zone.
5:16 of 1st period - Shot by Pavel Buchnevich.
5:16 of 1st period - Shot Blocked by Connor Clifton.
5:18 of 1st period - Shot by Anthony DeAngelo.
5:18 of 1st period - Stopped by Linus Ullmark without a rebound.
5:19 of 1st period - Auston Matthews wins face-off versus Frederick Gaudreau in NORTH DAKOTA HAWKS zone.
6:02 of 1st period - Shot by Adam Fox.
6:02 of 1st period - Stopped by Linus Ullmark without a rebound.
6:03 of 1st period - J.T. Compher wins face-off versus Frederick Gaudreau in NORTH DAKOTA HAWKS zone.
6:04 of 1st period - Shot by Calle Jarnkrok.
6:04 of 1st period - Shot Misses the Net.
6:35 of 1st period - Shot by J.T. Compher.
6:35 of 1st period - Shot Misses the Net.
6:37 of 1st period - Shot by Anthony DeAngelo.
6:37 of 1st period - Shot Misses the Net.
6:39 of 1st period - Shot by J.T. Compher.
6:39 of 1st period - Shot Misses the Net.
6:57 of 1st period - Shot by Jake DeBrusk.
6:57 of 1st period - Deflect By Nick Suzuki.
6:57 of 1st period - Stopped by Alex Stalock without a rebound.
6:58 of 1st period - Auston Matthews wins face-off versus Jack Hughes in KELOWNA ROCKETS zone.
6:58 of 1st period - Auston Matthews is hit by Jordan Kyrou.
7:07 of 1st period - Off-side.
7:08 of 1st period - Auston Matthews wins face-off versus Nick Suzuki in neutral zone.
7:26 of 1st period - Shot by Auston Matthews.
7:26 of 1st period - Shot Misses the Net.
7:28 of 1st period - Shot by Pavel Buchnevich.
7:28 of 1st period - Shot Misses the Net.
7:36 of 1st period - Shot by Auston Matthews.
7:36 of 1st period - Shot Misses the Net.
7:38 of 1st period - Shot by Auston Matthews.
7:38 of 1st period - Stopped by Linus Ullmark without a rebound.
7:39 of 1st period - J.T. Compher wins face-off versus Connor Dewar in NORTH DAKOTA HAWKS zone.
7:50 of 1st period - Shot by J.T. Compher.
7:50 of 1st period - Stopped by Linus Ullmark without a rebound.
7:51 of 1st period - Calle Jarnkrok wins face-off versus Frederick Gaudreau in NORTH DAKOTA HAWKS zone.
8:02 of 1st period - Shot by Calle Jarnkrok.
8:02 of 1st period - Stopped by Linus Ullmark without a rebound.
8:03 of 1st period - Nick Suzuki wins face-off versus J.T. Compher in NORTH DAKOTA HAWKS zone.
8:03 of 1st period - Nick Suzuki is hit by J.T. Compher.
8:24 of 1st period - Shot by Jake DeBrusk.
8:24 of 1st period - Stopped by Alex Stalock without a rebound.
8:25 of 1st period - Connor Dewar wins face-off versus Auston Matthews in KELOWNA ROCKETS zone.
8:58 of 1st period - Shot by Valeri Nichushkin.
8:58 of 1st period - Stopped by Linus Ullmark without a rebound.
8:59 of 1st period - Jack Hughes wins face-off versus Tyler Bertuzzi in NORTH DAKOTA HAWKS zone.
8:59 of 1st period - Jack Hughes is hit by Tyler Bertuzzi.
9:20 of 1st period - Shot by Vladimir Tarasenko.
9:20 of 1st period - Shot Misses the Net.
9:58 of 1st period - Shot by Derek Ryan.
9:58 of 1st period - Shot Misses the Net.
10:03 of 1st period - Icing by Erik Johnson.
10:04 of 1st period - Auston Matthews wins face-off versus Jordan Kyrou in NORTH DAKOTA HAWKS zone.
10:48 of 1st period - Shot by Jake DeBrusk.
10:48 of 1st period - Stopped by Alex Stalock without a rebound.
10:49 of 1st period - Derek Ryan wins face-off versus Frederick Gaudreau in KELOWNA ROCKETS zone.
10:49 of 1st period - Derek Ryan is hit by Dillon Dube.
11:27 of 1st period - Shot by Calle Jarnkrok.
11:27 of 1st period - Shot Misses the Net.
12:07 of 1st period - Shot by Vladimir Tarasenko.
12:07 of 1st period - Deflect By J.T. Compher.
12:07 of 1st period - Stopped by Linus Ullmark without a rebound.
12:08 of 1st period - Auston Matthews wins face-off versus Nick Suzuki in NORTH DAKOTA HAWKS zone.
12:13 of 1st period - Shot by Dmitri Orlov.
12:13 of 1st period - Stopped by Linus Ullmark without a rebound.
12:14 of 1st period - Auston Matthews wins face-off versus Nick Suzuki in NORTH DAKOTA HAWKS zone.
12:32 of 1st period - Auston Matthews is hit by Mathew Dumba and loses puck.
12:48 of 1st period - Shot by Nick Suzuki.
12:48 of 1st period - Stopped by Alex Stalock without a rebound.
12:49 of 1st period - J.T. Compher wins face-off versus Connor Dewar in KELOWNA ROCKETS zone.
12:51 of 1st period - Tyler Bertuzzi is hit by Garnet Hathaway and loses puck.
13:00 of 1st period - Shot by J.T. Compher.
13:00 of 1st period - Stopped by Linus Ullmark without a rebound.
13:01 of 1st period - Derek Ryan wins face-off versus Jack Hughes in NORTH DAKOTA HAWKS zone.
13:13 of 1st period - Off-side.
13:14 of 1st period - J.T. Compher wins face-off versus Nick Suzuki in neutral zone.
13:29 of 1st period - Shot by Vladimir Tarasenko.
13:29 of 1st period - Shot Blocked by Nick Suzuki.
13:31 of 1st period - Shot by Vladimir Tarasenko.
13:31 of 1st period - Deflect By Tyler Bertuzzi.
13:31 of 1st period - Stopped by Linus Ullmark with a rebound.
13:33 of 1st period - Shot by Tyler Bertuzzi.
13:33 of 1st period - Stopped by Linus Ullmark without a rebound.
13:34 of 1st period - Derek Ryan wins face-off versus Jack Hughes in NORTH DAKOTA HAWKS zone.
14:35 of 1st period - Shot by Garnet Hathaway.
14:35 of 1st period - Shot Misses the Net.
14:37 of 1st period - Shot by Garnet Hathaway.
14:37 of 1st period - Shot Misses the Net.
14:39 of 1st period - Shot by Cale Makar.
14:39 of 1st period - Stopped by Alex Stalock without a rebound.
14:40 of 1st period - Nick Suzuki wins face-off versus Auston Matthews in KELOWNA ROCKETS zone.
14:53 of 1st period - Icing by Kyle Burroughs.
14:54 of 1st period - Auston Matthews wins face-off versus Frederick Gaudreau in KELOWNA ROCKETS zone.
14:54 of 1st period - Auston Matthews is hit by Dillon Dube.
15:13 of 1st period - Frederick Gaudreau is hit by Kyle Burroughs and loses puck.
15:43 of 1st period - Icing by Erik Brannstrom.
15:44 of 1st period - Auston Matthews wins face-off versus Nick Suzuki in KELOWNA ROCKETS zone.
15:51 of 1st period - Ryan Lindgren is hit by Valeri Nichushkin and loses puck.
16:01 of 1st period - Off-side.
16:02 of 1st period - Connor Dewar wins face-off versus J.T. Compher in neutral zone.
16:07 of 1st period - Minor Penalty to Connor Dewar for Roughing.
16:08 of 1st period - Frederick Gaudreau wins face-off versus J.T. Compher in NORTH DAKOTA HAWKS zone.
16:17 of 1st period - Ryan Lindgren is hit by Calle Jarnkrok and loses puck.
16:37 of 1st period - Shot by Tyler Bertuzzi.
16:37 of 1st period - Shot Hit the Post.
16:39 of 1st period - Shot by J.T. Compher.
16:39 of 1st period - Deflect By Tyler Bertuzzi.
16:39 of 1st period - Shot Blocked by Ryan Lindgren.
18:25 of 1st period - Shot by Jack Hughes.
18:25 of 1st period - Shot Misses the Net.
18:32 of 1st period - Shot by Ryan Lindgren.
18:32 of 1st period - Stopped by Alex Stalock without a rebound.
18:33 of 1st period - Connor Dewar wins face-off versus Auston Matthews in KELOWNA ROCKETS zone.
18:36 of 1st period - Shot by Garnet Hathaway.
18:36 of 1st period - Stopped by Alex Stalock without a rebound.
18:37 of 1st period - Pavel Buchnevich wins face-off versus Garnet Hathaway in KELOWNA ROCKETS zone.
18:56 of 1st period - Shot by Anthony DeAngelo.
18:56 of 1st period - Shot Blocked by Nick Blankenburg.
18:58 of 1st period - Shot by Auston Matthews.
18:58 of 1st period - Shot Blocked by Nick Blankenburg.
19:00 of 1st period - Shot by Auston Matthews.
19:00 of 1st period - Shot Blocked by Ryan Lindgren.
19:02 of 1st period - Shot by Valeri Nichushkin.
19:02 of 1st period - Shot Misses the Net.
19:10 of 1st period - Shot by Auston Matthews.
19:10 of 1st period - Shot Misses the Net.
19:12 of 1st period - Shot by Dmitri Orlov.
19:12 of 1st period - Stopped by Linus Ullmark without a rebound.
19:13 of 1st period - Jack Hughes wins face-off versus J.T. Compher in NORTH DAKOTA HAWKS zone.
19:22 of 1st period - Shot by Jack Hughes.
19:22 of 1st period - Shot Misses the Net.
19:52 of 1st period - Shot by J.T. Compher.
19:52 of 1st period - Shot Misses the Net.
Goals for this period are 1 for NORTH DAKOTA HAWKS vs 1 for KELOWNA ROCKETS.
Shots for this period are 8 for NORTH DAKOTA HAWKS vs 15 for KELOWNA ROCKETS.

2nd period


0:01 of 2nd period - Nick Suzuki wins face-off versus Derek Ryan in neutral zone.
0:08 of 2nd period - Shot by Jake DeBrusk.
0:08 of 2nd period - Shot Misses the Net.
0:47 of 2nd period - Icing by Cale Makar.
0:48 of 2nd period - Nick Suzuki wins face-off versus Vladimir Tarasenko in NORTH DAKOTA HAWKS zone.
0:48 of 2nd period - Nick Suzuki is hit by Tyler Bertuzzi.
1:28 of 2nd period - Shot by Emil Bemstrom.
1:28 of 2nd period - Shot Blocked by Adam Fox.
1:38 of 2nd period - Shot by Frederick Gaudreau.
1:38 of 2nd period - Shot Hit the Post.
2:22 of 2nd period - Shot by Jason Robertson.
2:22 of 2nd period - Stopped by Alex Stalock with a rebound.
2:28 of 2nd period - Shot by Jason Robertson.
2:28 of 2nd period - Shot Misses the Net.
3:16 of 2nd period - Shot by Garnet Hathaway.
3:16 of 2nd period - Shot Blocked by Mark Giordano.
4:33 of 2nd period - Shot by Dillon Dube.
4:33 of 2nd period - Shot Blocked by Anthony DeAngelo.
4:39 of 2nd period - Shot by Frederick Gaudreau.
4:39 of 2nd period - Shot Blocked by Anthony DeAngelo.
4:41 of 2nd period - Shot by Connor Clifton.
4:41 of 2nd period - Stopped by Alex Stalock without a rebound.
4:42 of 2nd period - Parker Kelly wins face-off versus Jack Hughes in KELOWNA ROCKETS zone.
4:42 of 2nd period - Parker Kelly is hit by Jason Robertson.
4:59 of 2nd period - Shot by Jordan Kyrou.
4:59 of 2nd period - Stopped by Alex Stalock without a rebound.
5:00 of 2nd period - Auston Matthews wins face-off versus Connor Dewar in KELOWNA ROCKETS zone.
5:05 of 2nd period - Shot by Valeri Nichushkin.
5:05 of 2nd period - Stopped by Linus Ullmark without a rebound.
5:06 of 2nd period - Auston Matthews wins face-off versus Nick Suzuki in NORTH DAKOTA HAWKS zone.
5:41 of 2nd period - Jake DeBrusk is hit by Pavel Buchnevich and loses puck.
5:45 of 2nd period - Minor Penalty to Pavel Buchnevich for Slashing.
5:46 of 2nd period - Auston Matthews wins face-off versus Jack Hughes in KELOWNA ROCKETS zone.
5:52 of 2nd period - Icing by Cale Makar.
5:53 of 2nd period - Valeri Nichushkin wins face-off versus Jack Hughes in NORTH DAKOTA HAWKS zone.
6:05 of 2nd period - Icing by Dillon Dube.
6:06 of 2nd period - Auston Matthews wins face-off versus Jack Hughes in NORTH DAKOTA HAWKS zone.
6:27 of 2nd period - Shot by Jack Hughes.
6:27 of 2nd period - Stopped by Alex Stalock without a rebound.
6:28 of 2nd period - Nick Suzuki wins face-off versus Auston Matthews in KELOWNA ROCKETS zone.
6:45 of 2nd period - Shot by Nick Suzuki.
6:45 of 2nd period - Shot Misses the Net.
7:05 of 2nd period - Shot by Reyley Smith.
7:05 of 2nd period - Stopped by Alex Stalock without a rebound.
7:06 of 2nd period - J.T. Compher wins face-off versus Jack Hughes in KELOWNA ROCKETS zone.
7:38 of 2nd period - Shot by Cale Makar.
7:38 of 2nd period - Stopped by Alex Stalock without a rebound.
7:39 of 2nd period - Nick Suzuki wins face-off versus Auston Matthews in KELOWNA ROCKETS zone.
7:42 of 2nd period - Shot by Jake DeBrusk.
7:42 of 2nd period - Shot Blocked by Erik Brannstrom.
7:44 of 2nd period - Shot by Jake DeBrusk.
7:44 of 2nd period - Goal by Jake DeBrusk - NORTH DAKOTA HAWKS : 2 - KELOWNA ROCKETS : 1.
7:45 of 2nd period - Nick Suzuki wins face-off versus Derek Ryan in neutral zone.
7:52 of 2nd period - Shot by Nick Suzuki.
7:52 of 2nd period - Shot Blocked by Kyle Burroughs.
7:54 of 2nd period - Shot by Jake DeBrusk.
7:54 of 2nd period - Stopped by Alex Stalock without a rebound.
7:55 of 2nd period - Frederick Gaudreau wins face-off versus Noah Gregor in KELOWNA ROCKETS zone.
8:11 of 2nd period - Off-side.
8:12 of 2nd period - Derek Ryan wins face-off versus Jack Hughes in neutral zone.
8:20 of 2nd period - Off-side.
8:21 of 2nd period - Auston Matthews wins face-off versus Jack Hughes in neutral zone.
8:32 of 2nd period - Shot by Cale Makar.
8:32 of 2nd period - Shot Blocked by Dmitri Orlov.
8:40 of 2nd period - Shot by Valeri Nichushkin.
8:40 of 2nd period - Shot Misses the Net.
9:05 of 2nd period - Icing by Pavel Buchnevich.
9:06 of 2nd period - Frederick Gaudreau wins face-off versus Auston Matthews in KELOWNA ROCKETS zone.
9:21 of 2nd period - Icing by Dmitri Orlov.
9:22 of 2nd period - Nick Suzuki wins face-off versus Auston Matthews in KELOWNA ROCKETS zone.
9:22 of 2nd period - Nick Suzuki is hit by Dmitri Orlov.
10:02 of 2nd period - Shot by Reyley Smith.
10:02 of 2nd period - Goal by Reyley Smith - NORTH DAKOTA HAWKS : 3 - KELOWNA ROCKETS : 1.
10:03 of 2nd period - Frederick Gaudreau wins face-off versus Derek Ryan in neutral zone.
10:14 of 2nd period - Shot by Cale Makar.
10:14 of 2nd period - Shot Misses the Net.
10:22 of 2nd period - Shot by Frederick Gaudreau.
10:22 of 2nd period - Shot Misses the Net.
10:24 of 2nd period - Shot by Mathew Dumba.
10:24 of 2nd period - Stopped by Alex Stalock without a rebound.
10:25 of 2nd period - J.T. Compher wins face-off versus Jack Hughes in KELOWNA ROCKETS zone.
10:30 of 2nd period - Jason Robertson is hit by Tyler Bertuzzi and loses puck.
10:38 of 2nd period - Shot by Jack Hughes.
10:38 of 2nd period - Stopped by Alex Stalock without a rebound.
10:39 of 2nd period - Noah Gregor wins face-off versus Nick Suzuki in KELOWNA ROCKETS zone.
10:52 of 2nd period - Nick Suzuki is hit by Kyle Burroughs and loses puck.
10:57 of 2nd period - Shot by Nick Suzuki.
10:57 of 2nd period - Shot Misses the Net.
10:59 of 2nd period - Shot by Cale Makar.
10:59 of 2nd period - Shot Misses the Net.
11:01 of 2nd period - Shot by Jake DeBrusk.
11:01 of 2nd period - Shot Misses the Net.
11:03 of 2nd period - Shot by Nick Suzuki.
11:03 of 2nd period - Shot Misses the Net.
11:05 of 2nd period - Shot by Mathew Dumba.
11:05 of 2nd period - Shot Misses the Net.
11:10 of 2nd period - Nick Suzuki is hit by Kyle Burroughs and loses puck.
12:03 of 2nd period - Shot by Frederick Gaudreau.
12:03 of 2nd period - Deflect By Dillon Dube.
12:03 of 2nd period - Shot Blocked by Anthony DeAngelo.
12:05 of 2nd period - Shot by Frederick Gaudreau.
12:05 of 2nd period - Stopped by Alex Stalock without a rebound.
12:06 of 2nd period - Auston Matthews wins face-off versus Jack Hughes in KELOWNA ROCKETS zone.
12:19 of 2nd period - Adam Fox is hit by Jason Robertson and loses puck.
13:15 of 2nd period - Minor Penalty to Garnet Hathaway for Tripping.
13:16 of 2nd period - J.T. Compher wins face-off versus Frederick Gaudreau in NORTH DAKOTA HAWKS zone.
13:51 of 2nd period - Icing by Erik Brannstrom.
13:52 of 2nd period - J.T. Compher wins face-off versus Frederick Gaudreau in KELOWNA ROCKETS zone.
14:22 of 2nd period - Off-side.
14:23 of 2nd period - Jordan Kyrou wins face-off versus Auston Matthews in neutral zone.
14:48 of 2nd period - Shot by Adam Fox.
14:48 of 2nd period - Shot Blocked by Ryan Lindgren.
14:50 of 2nd period - Shot by Adam Fox.
14:50 of 2nd period - Shot Misses the Net.
14:56 of 2nd period - Shot by Pavel Buchnevich.
14:56 of 2nd period - Stopped by Linus Ullmark without a rebound.
14:57 of 2nd period - J.T. Compher wins face-off versus Dillon Dube in NORTH DAKOTA HAWKS zone.
15:32 of 2nd period - Kyle Burroughs is hit by Jake DeBrusk and loses puck.
15:45 of 2nd period - Shot by Nick Suzuki.
15:45 of 2nd period - Shot Misses the Net.
15:47 of 2nd period - Shot by Jake DeBrusk.
15:47 of 2nd period - Stopped by Alex Stalock with a rebound.
15:49 of 2nd period - Shot by Nick Suzuki.
15:49 of 2nd period - Shot Misses the Net.
16:07 of 2nd period - Nick Suzuki is hit by Lukas Sedlak and loses puck.
16:53 of 2nd period - Shot by Jason Robertson.
16:53 of 2nd period - Shot Misses the Net.
17:16 of 2nd period - Off-side.
17:17 of 2nd period - Frederick Gaudreau wins face-off versus Derek Ryan in neutral zone.
17:20 of 2nd period - Shot by Erik Johnson.
17:20 of 2nd period - Shot Misses the Net.
17:22 of 2nd period - Shot by Erik Johnson.
17:22 of 2nd period - Stopped by Alex Stalock with a rebound.
17:24 of 2nd period - Shot by Erik Johnson.
17:24 of 2nd period - Stopped by Alex Stalock with a rebound.
17:44 of 2nd period - Shot by Dillon Dube.
17:44 of 2nd period - Shot Misses the Net.
18:04 of 2nd period - Icing by Dmitri Orlov.
18:05 of 2nd period - Derek Ryan wins face-off versus Connor Dewar in KELOWNA ROCKETS zone.
18:24 of 2nd period - Shot by Adam Fox.
18:24 of 2nd period - Stopped by Linus Ullmark without a rebound.
18:25 of 2nd period - Auston Matthews wins face-off versus Jack Hughes in NORTH DAKOTA HAWKS zone.
18:57 of 2nd period - Icing by Mathew Dumba.
18:58 of 2nd period - J.T. Compher wins face-off versus Jack Hughes in NORTH DAKOTA HAWKS zone.
19:13 of 2nd period - Shot by Cale Makar.
19:13 of 2nd period - Shot Blocked by Anthony DeAngelo.
19:16 of 2nd period - Icing by Tyler Bertuzzi.
19:17 of 2nd period - J.T. Compher wins face-off versus Frederick Gaudreau in KELOWNA ROCKETS zone.
19:31 of 2nd period - Icing by Dmitri Orlov.
19:32 of 2nd period - J.T. Compher wins face-off versus Connor Dewar in KELOWNA ROCKETS zone.
19:44 of 2nd period - Off-side.
19:45 of 2nd period - Frederick Gaudreau wins face-off versus Derek Ryan in neutral zone.
Goals for this period are 2 for NORTH DAKOTA HAWKS vs 0 for KELOWNA ROCKETS.
Shots for this period are 15 for NORTH DAKOTA HAWKS vs 3 for KELOWNA ROCKETS.

3rd period


0:01 of 3rd period - Derek Ryan wins face-off versus Frederick Gaudreau in neutral zone.
0:06 of 3rd period - Shot by Anthony DeAngelo.
0:06 of 3rd period - Shot Misses the Net.
0:28 of 3rd period - Shot by Emil Bemstrom.
0:28 of 3rd period - Shot Blocked by Anthony DeAngelo.
0:30 of 3rd period - Shot by Cale Makar.
0:30 of 3rd period - Goal by Cale Makar - NORTH DAKOTA HAWKS : 4 - KELOWNA ROCKETS : 1.
0:31 of 3rd period - Nick Suzuki wins face-off versus J.T. Compher in neutral zone.
0:41 of 3rd period - Icing by Nick Blankenburg.
0:42 of 3rd period - Auston Matthews wins face-off versus Nick Suzuki in NORTH DAKOTA HAWKS zone.
0:57 of 3rd period - Shot by Reyley Smith.
0:57 of 3rd period - Stopped by Alex Stalock with a rebound.
0:59 of 3rd period - Shot by Jake DeBrusk.
0:59 of 3rd period - Stopped by Alex Stalock with a rebound.
1:01 of 3rd period - Shot by Jake DeBrusk.
1:01 of 3rd period - Deflect By Nick Suzuki.
1:01 of 3rd period - Stopped by Alex Stalock with a rebound.
1:03 of 3rd period - Shot by Reyley Smith.
1:03 of 3rd period - Shot Misses the Net.
2:20 of 3rd period - Off-side.
2:21 of 3rd period - Derek Ryan wins face-off versus Emil Bemstrom in neutral zone.
2:34 of 3rd period - Shot by Calle Jarnkrok.
2:34 of 3rd period - Shot Misses the Net.
2:36 of 3rd period - Shot by Mark Giordano.
2:36 of 3rd period - Shot Misses the Net.
2:38 of 3rd period - Shot by Mark Giordano.
2:38 of 3rd period - Shot Blocked by Connor Clifton.
3:00 of 3rd period - Shot by Calle Jarnkrok.
3:00 of 3rd period - Shot Blocked by Connor Clifton.
3:42 of 3rd period - Shot by Pavel Buchnevich.
3:42 of 3rd period - Shot Misses the Net.
3:44 of 3rd period - Shot by Auston Matthews.
3:44 of 3rd period - Stopped by Linus Ullmark with a rebound.
3:46 of 3rd period - Shot by Anthony DeAngelo.
3:46 of 3rd period - Stopped by Linus Ullmark without a rebound.
3:47 of 3rd period - Connor Dewar wins face-off versus J.T. Compher in NORTH DAKOTA HAWKS zone.
3:47 of 3rd period - Connor Dewar is hit by Kyle Burroughs.
4:40 of 3rd period - Shot by Nick Suzuki.
4:40 of 3rd period - Shot Blocked by Kyle Burroughs.
4:57 of 3rd period - Minor Penalty to Erik Brannstrom for Roughing.
4:58 of 3rd period - Jack Hughes wins face-off versus Auston Matthews in KELOWNA ROCKETS zone.
5:13 of 3rd period - Shot by Cale Makar.
5:13 of 3rd period - Stopped by Alex Stalock without a rebound.
5:14 of 3rd period - J.T. Compher wins face-off versus Nick Suzuki in KELOWNA ROCKETS zone.
5:52 of 3rd period - Icing by Frederick Gaudreau.
5:53 of 3rd period - Nick Suzuki wins face-off versus Vladimir Tarasenko in NORTH DAKOTA HAWKS zone.
6:02 of 3rd period - Shot by Nick Suzuki.
6:02 of 3rd period - Shot Misses the Net.
6:04 of 3rd period - Shot by Frederick Gaudreau.
6:04 of 3rd period - Shot Misses the Net.
6:17 of 3rd period - Icing by Dillon Dube.
6:18 of 3rd period - Jack Hughes wins face-off versus J.T. Compher in NORTH DAKOTA HAWKS zone.
6:53 of 3rd period - Shot by Auston Matthews.
6:53 of 3rd period - Stopped by Linus Ullmark without a rebound.
6:54 of 3rd period - J.T. Compher wins face-off versus Nick Suzuki in NORTH DAKOTA HAWKS zone.
7:02 of 3rd period - Off-side.
7:03 of 3rd period - Derek Ryan wins face-off versus Jake DeBrusk in neutral zone.
7:26 of 3rd period - Shot by Derek Ryan.
7:26 of 3rd period - Deflect By Calle Jarnkrok.
7:26 of 3rd period - Shot Misses the Net.
7:28 of 3rd period - Shot by Calle Jarnkrok.
7:28 of 3rd period - Shot Blocked by Nick Suzuki.
7:30 of 3rd period - Shot by Adam Fox.
7:30 of 3rd period - Shot Misses the Net.
7:38 of 3rd period - Shot by Calle Jarnkrok.
7:38 of 3rd period - Shot Misses the Net.
7:40 of 3rd period - Shot by Parker Kelly.
7:40 of 3rd period - Shot Misses the Net.
7:42 of 3rd period - Shot by Calle Jarnkrok.
7:42 of 3rd period - Goal by Calle Jarnkrok - NORTH DAKOTA HAWKS : 4 - KELOWNA ROCKETS : 2.
7:43 of 3rd period - Auston Matthews wins face-off versus Jack Hughes in neutral zone.
7:46 of 3rd period - Shot by Valeri Nichushkin.
7:46 of 3rd period - Deflect By Auston Matthews.
7:46 of 3rd period - Stopped by Linus Ullmark with a rebound.
8:01 of 3rd period - Valeri Nichushkin is hit by Mathew Dumba and loses puck.
8:08 of 3rd period - Shot by Valeri Nichushkin.
8:08 of 3rd period - Shot Misses the Net.
8:20 of 3rd period - Shot by Auston Matthews.
8:20 of 3rd period - Deflect By Pavel Buchnevich.
8:20 of 3rd period - Shot Blocked by Cale Makar.
8:39 of 3rd period - Icing by Mathew Dumba.
8:40 of 3rd period - J.T. Compher wins face-off versus Jack Hughes in NORTH DAKOTA HAWKS zone.
8:40 of 3rd period - Adam Fox is hit by Mathew Dumba and loses puck.
9:47 of 3rd period - Off-side.
9:48 of 3rd period - Nick Suzuki wins face-off versus Auston Matthews in neutral zone.
10:18 of 3rd period - Shot by Auston Matthews.
10:18 of 3rd period - Shot Misses the Net.
10:58 of 3rd period - Derek Ryan is hit by Erik Johnson and loses puck.
11:03 of 3rd period - Shot by Calle Jarnkrok.
11:03 of 3rd period - Shot Misses the Net.
11:07 of 3rd period - Shot by Calle Jarnkrok.
11:07 of 3rd period - Shot Misses the Net.
11:11 of 3rd period - Shot by Calle Jarnkrok.
11:11 of 3rd period - Shot Misses the Net.
11:17 of 3rd period - Shot by Parker Kelly.
11:17 of 3rd period - Stopped by Linus Ullmark with a rebound.
11:49 of 3rd period - Shot by Vladimir Tarasenko.
11:49 of 3rd period - Shot Misses the Net.
12:46 of 3rd period - Icing by Cale Makar.
12:47 of 3rd period - Auston Matthews wins face-off versus Alex Belzile in NORTH DAKOTA HAWKS zone.
13:14 of 3rd period - Shot by Valeri Nichushkin.
13:14 of 3rd period - Shot Blocked by Mathew Dumba.
13:54 of 3rd period - Jack Hughes is hit by Anthony DeAngelo and loses puck.
15:59 of 3rd period - Shot by Valeri Nichushkin.
15:59 of 3rd period - Shot Misses the Net.
16:27 of 3rd period - Shot by Auston Matthews.
16:27 of 3rd period - Stopped by Linus Ullmark without a rebound.
16:28 of 3rd period - Noah Gregor wins face-off versus Garnet Hathaway in NORTH DAKOTA HAWKS zone.
17:02 of 3rd period - Shot by Alex Belzile.
17:02 of 3rd period - Stopped by Alex Stalock without a rebound.
17:03 of 3rd period - Auston Matthews wins face-off versus Jack Hughes in KELOWNA ROCKETS zone.
17:20 of 3rd period - Shot by Valeri Nichushkin.
17:20 of 3rd period - Stopped by Linus Ullmark without a rebound.
17:21 of 3rd period - J.T. Compher wins face-off versus Emil Bemstrom in NORTH DAKOTA HAWKS zone.
17:48 of 3rd period - Shot by J.T. Compher.
17:48 of 3rd period - Stopped by Linus Ullmark without a rebound.
17:49 of 3rd period - Nick Suzuki wins face-off versus Derek Ryan in NORTH DAKOTA HAWKS zone.
18:10 of 3rd period - Shot by Anthony DeAngelo.
18:10 of 3rd period - Shot Misses the Net.
18:18 of 3rd period - Shot by Calle Jarnkrok.
18:18 of 3rd period - Shot Misses the Net.
18:20 of 3rd period - Shot by Dmitri Orlov.
18:20 of 3rd period - Stopped by Linus Ullmark without a rebound.
18:21 of 3rd period - J.T. Compher wins face-off versus Frederick Gaudreau in NORTH DAKOTA HAWKS zone.
18:21 of 3rd period - J.T. Compher is hit by Erik Johnson.
18:23 of 3rd period - Shot by Vladimir Tarasenko.
18:23 of 3rd period - Stopped by Linus Ullmark without a rebound.
18:24 of 3rd period - Frederick Gaudreau wins face-off versus J.T. Compher in NORTH DAKOTA HAWKS zone.
18:41 of 3rd period - Shot by Frederick Gaudreau.
18:41 of 3rd period - Stopped by Alex Stalock without a rebound.
18:41 of 3rd period - Minor Penalty to Adam Fox for Slashing.
18:42 of 3rd period - J.T. Compher wins face-off versus Jack Hughes in KELOWNA ROCKETS zone.
18:42 of 3rd period - J.T. Compher is hit by Jason Robertson.
18:49 of 3rd period - Icing by Dillon Dube.
18:50 of 3rd period - J.T. Compher wins face-off versus Jack Hughes in NORTH DAKOTA HAWKS zone.
18:51 of 3rd period - Shot by Valeri Nichushkin.
18:51 of 3rd period - Goal by Valeri Nichushkin - NORTH DAKOTA HAWKS : 4 - KELOWNA ROCKETS : 3.
18:52 of 3rd period - J.T. Compher wins face-off versus Jack Hughes in neutral zone.
18:52 of 3rd period - J.T. Compher is hit by Jason Robertson.
19:13 of 3rd period - Dmitri Orlov is hit by Jack Hughes and loses puck.
19:49 of 3rd period - Icing by Jason Robertson.
19:50 of 3rd period - J.T. Compher wins face-off versus Jack Hughes in NORTH DAKOTA HAWKS zone.
19:55 of 3rd period - Shot by Valeri Nichushkin.
19:55 of 3rd period - Stopped by Linus Ullmark without a rebound.
19:56 of 3rd period - Nick Suzuki wins face-off versus J.T. Compher in NORTH DAKOTA HAWKS zone.
19:58 of 3rd period - Icing by Reyley Smith.
19:59 of 3rd period - Reyley Smith wins face-off versus J.T. Compher in NORTH DAKOTA HAWKS zone.
Goals for this period are 1 for NORTH DAKOTA HAWKS vs 2 for KELOWNA ROCKETS.
Shots for this period are 7 for NORTH DAKOTA HAWKS vs 13 for KELOWNA ROCKETS.


ROOPE
HINTZ
ARTEMI
PANARIN
MIRO
HEISKANEN

EAST COAST

HOCKEY LEAGUE

  • 59.RHI1PIT5
  • 60.WOR6ATL7
  • 61.CHWQUE
  • 62.TRVCHA